 Dungeon Crawl Stone Soup version 0.29-a0-876-gfc89b1a5bd (webtiles) character file.

Game seed: 13789957439915527214

771 greasedhog the Slasher (level 7, 0/61 HPs)
             Began as a Gargoyle Berserker on July 19, 2022.
             Was an Elder of Trog.
             Slain by an orc warrior
             ... wielding a +0 war axe
              (7 damage)
             ... on level 5 of the Dungeon.
             The game lasted 00:11:22 (6454 turns).

greasedhog the Slasher (Gargoyle Berserker)         Turns: 6454, Time: 00:11:23

Health: 0/61       AC: 13    Str: 20    XL:     7   Next: 83%
Magic:  7/7        EV: 12    Int:  8    God:    Trog [****..]
Gold:   236        SH:  5    Dex: 11    Spells: 6/6 levels left

rFire   . . .      SeeInvis .   v - +2 scimitar (venom)
rCold   . . .      Faith    .   (no shield)
rNeg    + . .      Spirit   .   j - +0 leather armour
rPois   ∞          Reflect  +   (no helmet)
rElec   +          Harm     .   (no cloak)
rCorr   .          Rampage  .   (no gloves)
Will    .....                   k - +0 pair of boots
Stlth   ..........              n - amulet of reflection
HPRegen 0.20/turn               c - +4 ring of protection
MPRegen 0.10/turn               (no ring)

@: berserking (expiring), very quick
A: sickness immunity, AC +4, negative energy resistance 1, electricity
resistance, torment resistance 1, petrification resistance
a: Renounce Religion, Berserk, Trog's Hand, Brothers in Arms


You were on level 5 of the Dungeon.
You worshipped Trog.
Trog was greatly pleased with you.
You visited 1 branch of the dungeon, and saw 5 of its levels.
You also visited: Sewer.

You collected 236 gold pieces.

Inventory:

Hand Weapons
 v - a +2 scimitar of venom (weapon)
Missiles
 e - 42 stones (quivered)
Armour
 j - a +0 leather armour (worn)
 k - a +0 pair of boots (worn)
Jewellery
 b - a +6 ring of dexterity
 c - a +4 ring of protection (left hand)
 n - an amulet of reflection (around neck)
Wands
 m - a wand of charming (3)
Scrolls
 a - a scroll of identify
 g - 2 scrolls of fear
 o - 2 scrolls of teleportation
 q - 2 scrolls of vulnerability {unknown}
Potions
 d - a potion of haste {unknown}
 f - 6 potions of curing
 h - a potion of might
 i - a potion of berserk rage {unknown}
 l - 7 potions of flight
 p - 2 potions of invisibility {unknown}
 r - a potion of magic {unknown}
 s - 2 potions of brilliance {unknown}
 t - a potion of heal wounds {unknown}


   Skills:
 - Level 3.2 Fighting
 * Level 6.1 Long Blades
 - Level 2.1 Armour
 - Level 3.8 Dodging
 * Level 4.6 Stealth


You had 6 spell levels left.
You didn't know any spells.
Your spell library was empty.

Dungeon Overview and Level Annotations

Branches:
Dungeon (5/15)              Sewer (visited)
 Temple: D:4-7

Altars:
Kikubaaqudgha

Annotations:
D:5 2 transporters, Nick1's ghost, amateur DsNe


Innate Abilities, Weirdness & Mutations

You are immune to sickness and miasma.
Your stone body is resilient. (AC +4)
You are immune to poison.
You resist negative energy. (rN+)
You are resistant to electric shocks. (rElec)
You are resistant to unholy torment.
You are immune to petrification.


Message History

You hit the orc priest but do no damage.
The orc priest is poisoned.
The orc priest is severely wounded.
The orc priest hits you but does no damage.
The orc warrior hits you but does no damage.
You hit the orc priest but do no damage.
The orc priest looks as sick as possible!
The orc priest is severely wounded.
The orc priest calls down the wrath of Beogh upon you.
Beogh smites you!
The orc warrior hits you with a +0 war axe!
A red film seems to cover your vision as you go berserk!
You feel yourself moving faster!
You feel mighty! You block the orc priest's attack.
The orc warrior barely misses you.
You barely miss the orc priest.
The orc priest is almost dead.
The orc priest completely misses you. You block the orc warrior's attack.
You barely miss the orc priest.
The orc priest is almost dead.
You slash the orc priest!
You kill the orc priest!
Trog accepts your kill.
The orc warrior hits you but does no damage.
You slash the orc warrior!
The orc warrior is heavily wounded.
The orc warrior hits you but does no damage.
You closely miss the orc warrior.
The orc warrior is heavily wounded.
The orc warrior hits you with a +0 war axe!
* * * LOW HITPOINT WARNING * * *
You hit the orc warrior.
The orc warrior is poisoned.
The orc warrior is severely wounded.
The orc warrior hits you with a +0 war axe!
* * * LOW HITPOINT WARNING * * *
You barely miss the orc warrior.
The orc warrior is severely wounded.
You barely miss the orc warrior.
The orc warrior is severely wounded.
The orc warrior hits you with a +0 war axe!
You die...

#...####.......#
#..## ##......#
.# #...#
##..##..# .#
..#.## ##..# #.
.># .###.##
#..## ##..## ##
##.### ##..##
.....## # ##..#
##..## ......# #
##.#
##..###....... .
###..#
##.@#).....# #.
#..###
###o).....#
######
###.......
#.##### ##


You could see an orc warrior (very poisoned).

Vanquished Creatures
  Eustachio (D:5)
  An ice beast (D:5)
  A scorpion (D:5)
  A necrophage (D:4)
  A hound (D:5)
  An orc priest (D:5)
  An iguana (D:5)
  Ijyb (D:3)
  10 adders
  5 river rats
  A white imp (D:5)
  6 worms
  3 dart slugs
  3 orcs
  14 ball pythons
  13 bats
  8 endoplasms
  10 giant cockroaches
  12 goblins
  8 hobgoblins
  11 jackals
  11 quokkas
  11 frilled lizards
  3 kobolds
  10 rats
147 creatures vanquished.

Notes
Turn   | Place    | Note
-------+----------+-------------------------------------------
     0 | D:1      | greasedhog the Gargoyle Berserker began the quest for the
                  | Orb.
     0 | D:1      | Reached XP level 1. HP: 14/14 MP: 1/1
   443 | D:1      | Reached XP level 2. HP: 19/19 MP: 2/2
   461 | D:1      | Reached skill level 3 in Long Blades
   760 | D:1      | Reached XP level 3. HP: 7/23 MP: 3/3
  1111 | D:1      | Reached ** piety under Trog
  2342 | D:2      | Reached XP level 4. HP: 28/28 MP: 4/4
  3171 | D:3      | Found an ancient bone altar of Kikubaaqudgha.
  3711 | D:4      | Noticed Ijyb
  3826 | D:3      | Killed Ijyb
  3827 | D:3      | Reached skill level 4 in Long Blades
  3827 | D:3      | Reached XP level 5. HP: 32/32 MP: 5/5
  4384 | D:5      | Entered Level 5 of the Dungeon
  4391 | D:5      | Reached *** piety under Trog
  4465 | D:5      | Reached XP level 6. HP: 34/37 MP: 6/6
  4565 | D:5      | Noticed Nick1's ghost (amateur DsNe)
  4566 | D:5      | Found a transporter.
  4570 | D:5      | Noticed a black bear
  4612 | D:5      | Found a glowing drain.
  4641 | Sewer    | Entered a sewer
  5008 | Sewer    | Reached skill level 1 in Stealth
  5040 | Sewer    | Reached skill level 5 in Long Blades
  5329 | Sewer    | Reached **** piety under Trog
  5999 | D:5      | Noticed Eustachio
  6010 | D:5      | Killed Eustachio
  6011 | D:5      | Reached XP level 7. HP: 31/41 MP: 7/7
  6220 | D:5      | Found a transporter.
  6301 | D:5      | Reached skill level 6 in Long Blades
  6454 | D:5      | Slain by an orc warrior

Illustrated notes

Levels and vault maps discovered:
D:1:      evilmike_arrival_rings, layout_basic
D:2:      layout_basic
D:3:      layout_loops_cross, mainiacjoe_overflow_24_doors
D:4:      layout_rooms, uniq_ijyb
D:5:      layout_layer_cave, portal_sewer_entry_a, gammafunk_ghost_arena,
          uniq_eustachio

Skill      XL: |  1  2  3  4  5  6  7 |
---------------+----------------------+-----
Long Blades    | 3 4 5 6 |  6.1
Dodging        | 2 3 |  3.8
Stealth        | 3 4 |  4.6
Fighting       | |  3.2
Armour         | |  2.1

Action                   |  1- 3 |  4- 6 |  7- 9 || total
-------------------------+-------+-------+-------++-------
Melee: Falchion          |   123 |   351 |       ||   474
       Punch             |     1 |     4 |       ||     5
       Scimitar          |       |     8 |    25 ||    33
Throw: Stone             |     7 |    23 |       ||    30
Invok: Berserk           |       |     4 |     1 ||     5
  Use: Scroll            |     3 |     3 |       ||     6
       Potion            |       |     1 |       ||     1
 Stab: Sleeping          |       |     1 |     2 ||     3
Armor: Animal skin       |    47 |    23 |       ||    70
       Leather armour    |       |   155 |    10 ||   165
Dodge: Dodged            |    81 |   250 |     7 ||   338
Block: Other             |       |    74 |     4 ||    78

Table legend: (Time is in decaauts)
 A = Elapsed time spent in this place.
 B = Non-inter-level travel time spent in this place.
 C = Inter-level travel time spent in this place.
 D = Time resting spent in this place.
 E = Time spent auto-exploring this place.
 F = Levels seen in this place.
 G = Mean time per level.
                   A        B        C        D        E       F      G
               +--------+--------+--------+--------+--------+-----+--------+
         Total |   6717 |   6665 |     52 |    690 |   4539 |   6 | 1119.5 |
       Dungeon |   5423 |   5371 |     52 |    612 |   3917 |   5 | 1084.6 |
         Sewer |   1294 |   1294 |      0 |     78 |    621 |   1 | 1294.0 |
               +--------+--------+--------+--------+--------+-----+--------+

Top non-repeatable levels by time:
     D:1: 1792 daAuts
   Sewer: 1294 daAuts
     D:2: 1261 daAuts
     D:5: 998 daAuts
     D:3: 768 daAuts
     D:4: 602 daAuts
